 Dungeon Crawl Stone Soup version 0.30.1-11-g7821555f0a (webtiles) character file.

Game seed: 3033538466872110438

14483 RumbleBuddy the Cleaver (level 11, -8/105 HPs)
             Began as a Minotaur Fighter on Dec 12, 2023.
             Was an Elder of the Shining One.
             Mangled by an orc knight
             ... wielding a +0 glaive
              (12 damage)
             ... on level 2 of the Orcish Mines.
             The game lasted 00:46:53 (9835 turns).

RumbleBuddy the Cleaver (Minotaur Fighter)          Turns: 9835, Time: 00:46:55

Health: -8/105     AC: 21    Str: 25    XL:     11   Next: 89%
Magic:  10/10      EV: 10    Int:  7    God:    the Shining One [****..]
Gold:   1032       SH:  5    Dex: 12    Spells: 9/10 levels left

rFire   . . .        F - +5 woodcutter's axe
rCold   . . .        (shield currently unavailable)
rNeg    + + .        a - +0 chain mail of Nall {rC+ Str+4 Int+3 Dex-5}
rPois   +            (helmet restricted)
rElec   .            d - +2 cloak
rCorr   .            (no gloves)
SInv    .            (no boots)
Will    +....        l - amulet of reflection Stlth
                     r - +4 ring of protection
HPRegen 0.37/turn    O - ring of willpower
MPRegen 0.12/turn

%: reflection
@: about to teleport, glowing
A: horns 2, retaliatory headbutt, iridescent scales 1, agile 1, poison
resistance, cold vulnerability 1
a: Renounce Religion, Divine Shield, Cleansing Flame


You were on level 2 of the Orcish Mines.
You worshipped the Shining One.
The Shining One was greatly pleased with you.
You visited 3 branches of the dungeon, and saw 13 of its levels.
You also visited: Ossuary.

You collected 1100 gold pieces.
You spent 68 gold pieces at shops.

Inventory:

Hand Weapons
 b - a +0 arbalest
 e - a +3 halberd of protection
 t - a +2 war axe of flaming
 x - a +0 club
 E - a +0 arbalest
 F - the +5 woodcutter's axe (weapon)
   (You took it off an orc priest on level 6 of the Dungeon)
 H - a +2 spear of venom
 K - a +1 halberd of venom
 M - a +0 great sword
Missiles
 i - 16 boomerangs (quivered)
 n - a throwing net
 P - a boomerang of dispersal
Armour
 a - the +0 chain mail of Nall (worn) {rC+ Str+4 Int+3 Dex-5}
   (You found it on level 5 of the Dungeon)

   Str:       It affects your strength (+4).
   Int:       It affects your intelligence (+3).
   Dex:       It affects your dexterity (-5).
   rC:        It protects you from cold.
 c - a +0 buckler
 d - a +2 cloak (worn)
 k - a +0 plate armour
Jewellery
 l - an amulet of reflection (around neck)
 r - a +4 ring of protection (left hand)
 O - a ring of willpower (right hand)
Wands
 s - a wand of polymorph (6)
 w - a wand of iceblast (11)
 y - a wand of digging (7)
Scrolls
 g - a scroll of silence
 h - 4 scrolls of teleportation
 m - a scroll of poison
 o - 9 scrolls of identify
 q - 2 scrolls of fog
 u - 2 scrolls of enchant armour
 A - 4 scrolls of enchant weapon
 D - 3 scrolls of amnesia
 G - a scroll of butterflies
 I - 2 scrolls of fear {unknown}
 L - 2 scrolls of immolation {unknown}
Potions
 f - 4 potions of curing
 j - a potion of haste
 v - 2 potions of degeneration
 z - 2 potions of flight
 B - a potion of attraction
 J - a potion of brilliance
 N - a potion of might


   Skills:
 + Level 12.4 Fighting
 + Level 13.1(13.4) Axes
 + Level 4.7(9.7) Maces & Flails
 + Level 2.6 Throwing
 + Level 11.8 Armour
 + Level 3.2 Dodging
 + Level 1.2 Stealth
 + Level 10.0 Shields
 + Level 1.1 Evocations


You had 9 spell levels left.
You knew the following spells:

 Your Spells              Type           Power      Damage    Failure   Level
a - Sandblast             Erth           0%         2d4       87%         1

Your spell library contained the following spells:

 Spells                   Type           Power      Damage    Failure   Level
 Foxfire                  Conj/Fire      0%         2x1d4     87%         1
 Shock                    Conj/Air       0%         1d3       87%         1
 Passwall                 Tmut/Erth      0%         N/A       95%         2
 Stone Arrow              Conj/Erth      0%         3d7       99%         3
 Swiftness                Air            0%         N/A       99%         3
 Airstrike                Air            0%         2d(0-16)  100%        4
 Fireball                 Conj/Fire      0%         3d3       100%        5
 Plasma Beam              Fire/Air       0%         2x1d11    100%        6
 Starburst                Conj/Fire      0%         6d3       100%        6


Dungeon Overview and Level Annotations

Branches:
Dungeon (10/15)            Temple (1/1) D:5            Lair (0/5) D:10
    Orc (2/2) D:10            Elf (0/3) Orc:2       Ossuary (visited)

Altars:
Ashenzari
Cheibriados
Elyvilon
Fedhas
Gozag
Hepliaklqana
Kikubaaqudgha
Makhleb
Nemelex Xobeh
Okawaru
Qazlal
Ru
Sif Muna
Uskayaw
Vehumet
Wu Jian
Yredelemnul
Zin
The Shining One

Shops:
D:1 *   D:6 [   D:10 =   Orc:1 ?


Innate Abilities, Weirdness & Mutations

You have a pair of horns on your head.
You reflexively headbutt those who attack you in melee.
You are partially covered in iridescent scales. (AC +2)
You are agile. (Dex +4, Str/Int -1)
Your system is resistant to poisons. (rPois)
You are vulnerable to cold. (rC-)


Message History

You slash the orc warrior! Your headbutt misses the orc warrior.
The orc warrior is moderately wounded.
The orc warrior hits you with a +0 flail.
An orc comes into view.
It is wielding a +0 flail of protection.
The orc knight hits you from afar with a +0 glaive!!
You hear a shout! x2
You barely miss the orc warrior.
You headbutt the orc warrior, but do no damage.
The orc warrior is moderately wounded.
The orc warrior barely misses you.
The orc warrior hits you but does no damage.
The orc knight hits you from afar with a +0 glaive.
You hit the orc warrior. You headbutt the orc warrior!
The orc warrior is severely wounded.
The orc warrior hits you from afar with a +0 trident.
The orc warrior closely misses you.
The orc knight hits you from afar with a +0 glaive!!
* * * LOW HITPOINT WARNING * * *
As you read the scroll of teleportation, it crumbles to dust.
You feel strangely unstable.
The orc warrior hits you from afar with a +0 trident.
* * * LOW HITPOINT WARNING * * *
The orc warrior hits you with a +0 flail!
* * * LOW HITPOINT WARNING * * *
The orc knight hits you from afar with a +0 glaive!!
The Shining One protects you from harm!
You feel better. You block the orc warrior's attack.
An orc knight comes into view. It is wielding a +0 dire flail.
The orc warrior hits you with a +0 flail!
* * * LOW HITPOINT WARNING * * *
The orc knight hits you from afar with a +0 glaive!!
The Shining One protects you from harm!
Unknown command.
You feel better.
The orc warrior hits you from afar with a +0 trident!
* * * LOW HITPOINT WARNING * * *
The orc warrior hits you with a +0 flail.
The Shining One protects you from harm!
The orc knight hits you from afar with a +0 glaive!
You die...

.._..#..# .....#..#
#..##..... .....#..#
#....#.#.#. ##)###..#
#..........
.).)....##+###........#
8...8.......o........$#
........##+ #oo.....#
........# #..oo.#
##.###)÷# #..@.)# #.#
#.÷# #.....#
##.###.)######....###
.....÷..))........#.##
........))...........##
..#####.##.###....#...##
.## #......##.....#.#.##
O###
##.#..##...........#
.#.##
##....#...........####


You could see 2 orc knights, 2 orc warriors and an orc (strong).

Vanquished Creatures
  2 two-headed ogres (D:10)
  An anaconda (Orc:2)
  4 orc knights (Orc:2)
  An orc sorcerer (Orc:1)
  An unseen horror (D:10)
  2 komodo dragons (D:10)
  3 hornets
  2 trolls
  Prince Ribbit (D:8)
  A wyvern (D:10)
  3 yaks (D:10)
  A wraith (D:9)
  2 basilisks (D:10)
  2 steam dragons
  Menkaure (D:4)
  7 wargs
  A water moccasin (D:5)
  A sky beast (D:6)
  An ice beast (D:6)
  21 orc warriors
  4 ogres
  2 centaurs
  A phantom (D:5)
  3 bullfrogs
  A gnoll sergeant (D:6)
  4 scorpions
  8 killer bees
  5 howler monkeys (D:9)
  A crimson imp (D:6)
  6 hounds
  10 orc priests
  A jelly (D:6)
  2 gnoll boudas (D:8)
  7 iguanas
  14 orc wizards
  13 mummies (Ossuary)
  Robin (D:4)
  16 gnolls
  10 adders
  A shadow imp (D:6)
  A white imp (D:7)
  An ufetubus (D:6)
  3 dart slugs
  52 orcs
  4 endoplasms
  5 giant cockroaches
  16 goblins
  5 hobgoblins
  8 jackals
  5 kobolds
  3 quokkas
  4 ball pythons
  7 bats
  A frilled lizard (D:3)
  4 gnoll skeletons (Ossuary)
  A goblin skeleton (Ossuary)
  A kobold skeleton (Ossuary)
  2 orc skeletons (Ossuary)
  3 rats
  11 rat skeletons (Ossuary)
305 creatures vanquished.

Notes
Turn   | Place    | Note
-------+----------+-------------------------------------------
     0 | D:1      | RumbleBuddy the Minotaur Fighter began the quest for the
                  | Orb.
     0 | D:1      | Reached XP level 1. HP: 19/19 MP: 0/0
   144 | D:1      | Found Febot Sesose's General Store.
   342 | D:1      | Reached XP level 2. HP: 27/27 MP: 1/1
   910 | D:2      | Reached XP level 3. HP: 28/33 MP: 2/2
  1442 | D:2      | Reached XP level 4. HP: 38/40 MP: 3/3
  1824 | D:3      | Learned a level 1 spell: Sandblast
  2363 | D:4      | Reached skill level 1 in Axes
  2363 | D:4      | Reached XP level 5. HP: 41/46 MP: 4/4
  2686 | D:4      | Reached skill level 2 in Axes
  2689 | D:4      | Reached skill level 1 in Throwing
  2689 | D:4      | Reached XP level 6. HP: 53/53 MP: 5/5
  2750 | D:4      | Noticed Menkaure
  2770 | D:4      | Killed Menkaure
  2771 | D:4      | Reached skill level 3 in Axes
  2771 | D:4      | Reached skill level 5 in Armour
  2771 | D:4      | Reached skill level 1 in Dodging
  2809 | D:4      | Noticed Robin
  2824 | D:4      | Killed Robin
  3028 | D:5      | Entered Level 5 of the Dungeon
  3052 | D:5      | Noticed a water moccasin
  3068 | D:5      | Reached skill level 5 in Shields
  3073 | D:5      | Killed a water moccasin
  3074 | D:5      | Reached skill level 4 in Axes
  3074 | D:5      | Reached XP level 7. HP: 54/60 MP: 6/6
  3079 | D:5      | Reached skill level 5 in Fighting
  3220 | D:5      | Found a sparkling altar of Nemelex Xobeh.
  3289 | D:5      | Found a staircase to the Ecumenical Temple.
  3290 | D:5      | Identified the +0 chain mail of Nall {rC+ Str+4 Int+3
                  | Dex-5}
  3385 | Temple   | Entered the Ecumenical Temple
  3517 | Temple   | Became a worshipper of the Shining One
  3550 | D:5      | Found a blossoming altar of Fedhas.
  3608 | D:5      | Found a sand-covered staircase.
  3612 | Ossuary  | Entered an ossuary
  3716 | Ossuary  | Reached * piety under the Shining One
  3743 | Ossuary  | Reached skill level 5 in Axes
  3746 | Ossuary  | Reached ** piety under the Shining One
  3914 | D:5      | Gained mutation: You are agile. (Dex +4, Str/Int -1)
                  | [potion of mutation]
  3914 | D:5      | Gained mutation: You are vulnerable to cold. (rC-) [potion
                  | of mutation]
  3914 | D:5      | Gained mutation: You are partially covered in iridescent
                  | scales. (AC +2) [potion of mutation]
  3914 | D:5      | Gained mutation: Your system is resistant to poisons.
                  | (rPois) [potion of mutation]
  3916 | D:5      | Reached skill level 9 in Axes
  3916 | D:5      | Reached XP level 8. HP: 78/78 MP: 7/7
  4160 | D:5      | Reached XP level 9. HP: 83/83 MP: 8/8
  4606 | D:6      | Reached *** piety under the Shining One
  4681 | D:6      | Found an iron altar of Okawaru.
  4687 | D:6      | Reached skill level 10 in Axes
  4689 | D:6      | Found a burning altar of Makhleb.
  4768 | D:6      | Found a snail-covered altar of Cheibriados.
  5018 | D:6      | Found a radiant altar of Vehumet.
  5077 | D:6      | Found Kaalypp's Armour Shoppe.
  5739 | D:7      | You fall into a shaft and drop 2 floors!
  5823 | D:8      | Found an ornate altar of the Wu Jian Council.
  5973 | D:8      | Noticed Prince Ribbit
  5989 | D:8      | Killed Prince Ribbit
  5990 | D:8      | Reached skill level 11 in Axes
  6013 | D:8      | Reached XP level 10. HP: 65/93 MP: 9/9
  6254 | D:8      | Found a flagged portal.
  6637 | D:9      | Reached skill level 10 in Fighting
  6854 | D:9      | Found a shimmering blue altar of Sif Muna.
  7007 | D:9      | Paralysed by a hornet for 3 turns
  7098 | D:9      | Reached **** piety under the Shining One
  7105 | D:9      | Reached skill level 10 in Armour
  7134 | D:10     | Entered Level 10 of the Dungeon
  7453 | D:10     | Noticed a two-headed ogre
  7453 | D:10     | Noticed a two-headed ogre
  7467 | D:10     | Killed a two-headed ogre
  7472 | D:10     | Killed a two-headed ogre
  7472 | D:10     | HP: 1/94 [something/ball of steam (15)]
  7473 | D:10     | Reached skill level 12 in Axes
  7765 | D:10     | Found a sacrificial altar of Ru.
  7765 | D:10     | Found a hide-covered altar of Uskayaw.
  7766 | D:10     | Found a broken altar of Ashenzari.
  7801 | D:10     | Found a staircase to the Orcish Mines.
  7849 | D:10     | Found Ullawusu's Jewellery Emporium.
  8086 | D:10     | Reached XP level 11. HP: 102/102 MP: 10/10
  8156 | D:10     | Found a staircase to the Lair.
  8273 | Orc:1    | Entered Level 1 of the Orcish Mines
  8301 | Orc:1    | Noticed an orc sorcerer
  8302 | Orc:1    | Noticed a soul eater
  8310 | Orc:1    | Killed an orc sorcerer
  8425 | Orc:1    | Found Fohaf's Magic Scroll Shoppe.
  8444 | Orc:1    | Bought a scroll of identify for 34 gold pieces
  8444 | Orc:1    | Bought a scroll of identify for 34 gold pieces
  8549 | Orc:1    | Reached skill level 1 in Evocations
  8834 | Orc:2    | Entered Level 2 of the Orcish Mines
  8959 | Orc:2    | Noticed an orc knight
  8977 | Orc:2    | Killed an orc knight
  9120 | Orc:2    | Noticed an orc knight
  9123 | Orc:2    | Reached skill level 1 in Stealth
  9133 | Orc:2    | Killed an orc knight
  9314 | Orc:2    | Noticed an orc knight
  9321 | Orc:2    | Killed an orc knight
  9322 | Orc:2    | Reached skill level 13 in Axes
  9356 | Orc:2    | Noticed a two-headed ogre
  9357 | Orc:2    | Noticed a two-headed ogre
  9377 | Orc:2    | a two-headed ogre changed into an anaconda
  9377 | Orc:2    | Noticed an anaconda
  9381 | Orc:2    | Killed an anaconda
  9396 | Orc:2    | Noticed an orc knight
  9772 | Orc:2    | Found a staircase to the Elven Halls.
  9823 | Orc:2    | Noticed an orc knight
  9825 | Orc:2    | Killed an orc knight
  9826 | Orc:2    | Reached skill level 10 in Shields
  9833 | Orc:2    | The Shining One protects you from harm!
  9834 | Orc:2    | Noticed an orc knight
  9834 | Orc:2    | HP: 5/105 [orc warrior/+0 flail (11)]
  9834 | Orc:2    | The Shining One protects you from harm!
  9835 | Orc:2    | The Shining One protects you from harm!
  9835 | Orc:2    | Mangled by an orc knight

Illustrated notes

Levels and vault maps discovered:
D:1:      minmay_arrival_plants_in_alcoves, layout_loops_ring, serial_shops,
          shop
D:2:      minmay_door_path, layout_loops_corners, grunt_decor_cap
D:3:      layout_loops_ring
D:4:      layout_cave_pools, grunt_decor_mini_mirrors, uniq_menkaure, uniq_robin
D:5:      layout_basic, mainiacjoe_overflow_cross_hatched, lemuel_doored_altar,
          minmay_temple_entry_stoned_glass, serial_bayou, serial_bayou_pond_c,
          serial_bayou_ford_a, serial_bayou_crossing, serial_bayou_pond_b,
          serial_bayou_lagoon_a, serial_bayou_lagoon_b, enter_ossuary_5,
          portal_sewer_entry_e
D:6:      layout_basic, mainiacjoe_overflow_24_doors, okawaru_metal_pillars_1_2,
          old_standard_altar, makhleb_grotto_becter, serial_shops, shop,
          minmay_starry_boxes
D:7:      layout_gridville, xom_redecorated, old_standard_altar, serial_shops,
          nicolae_shop_real_fake_doors, nicolae_shop_overcharged_wands
D:8:      layout_basic, old_standard_altar, enter_bailey_2, serial_rivers,
          chequers_serial_rivers_micro_e, chequers_serial_rivers_micro_a,
          chequers_serial_rivers_room_a, chequers_serial_rivers_micro_e,
          chequers_serial_rivers_micro_e, uniq_prince_ribbit1
D:9:      layout_long_grid, old_standard_altar, mainiacjoe_overflow_chevrons,
          uniq_maggie, uniq_grum
D:10:     layout_roguey, gammafunk_temple_overflow_forgotten, erik_lair_dragon,
          orc_0_dummy, serial_shops, nicolae_square_shop
Temple:   nicolae_temple_colour_theory
Orc:1:    layout_caves, serial_shops, nicolae_shop_tiny_statue_garden
Orc:2:    st_orc_town, layout_caves, nicolae_orc_bridge_out

Skill      XL: |  1  2  3  4  5  6  7  8  9 10 11 |
---------------+----------------------------------+-----
Armour         | 4 5 9 10 11 | 11.8
Fighting       | 4 9 11 12 | 12.4
Shields        | 4 5 8 9 10 | 10.0
Maces & Flails | 3 4 |  4.7
Axes           | 1 2 4 9 11 12 13 | 13.1
Throwing       | 1 2 |  2.6
Dodging        | 2 3 |  3.2
Evocations     | 1 |  1.1
Stealth        | 1 |  1.2

Action                     |  1- 3 |  4- 6 |  7- 9 | 10-12 || total
---------------------------+-------+-------+-------+-------++-------
  Melee: Flail             |    80 |    28 |       |       ||   108
         Headbutt          |     9 |    10 |    46 |    52 ||   117
         War axe           |       |    66 |   178 |       ||   244
         Battleaxe         |       |       |    48 |   241 ||   289
  Throw: Boomerang         |       |     7 |     5 |    10 ||    22
   Cast: Sandblast         |       |     1 |       |       ||     1
  Evoke: Wand              |       |       |       |     7 ||     7
    Use: Potion            |       |     4 |     9 |     6 ||    19
         Scroll            |       |     1 |    12 |     6 ||    19
 Armour: Scale mail        |    44 |    49 |    16 |       ||   109
         Plate armour      |       |       |    52 |     7 ||    59
         Chain mail        |       |       |       |    94 ||    94
  Dodge: Dodged            |    34 |    48 |    49 |    97 ||   228
  Block: Buckler           |    22 |    53 |    60 |       ||   135
         Reflection        |       |     8 |     2 |     4 ||    14
         Other             |       |       |    13 |    55 ||    68
